 Dungeon Crawl Stone Soup version 0.21.0 (webtiles) character file.

2544 Manul the Covert (level 9, -2/45 HPs)
             Began as a Spriggan Assassin on Jan 6, 2018.
             Was an Initiate of Gozag.
             Killed from afar by an orc wizard (8 damage)
             ... with a puff of flame
             ... on level 8 of the Dungeon.
             The game lasted 00:09:08 (10237 turns).

Manul the Covert (Spriggan Assassin)               Turns: 10237, Time: 00:09:08

Health: -2/45      AC: -1    Str:  7    XL:     9   Next: 30%
Magic:  10/10      EV: 24    Int: 12    God:    Gozag
Gold:   458        SH:  6    Dex: 21    Spells: 8/8 levels left

rFire    . . .     SeeInvis +   y - +2 rapier (elec)
rCold    . . .     Gourm    .   (shield restricted)
rNeg     . . .     Faith    .   c - +0 robe
rPois    .         Spirit   .   (helmet restricted)
rElec    .         Reflect  +   d - +0 cloak
rCorr    .         Harm     .   (gloves unavailable)
MR       ++...                  (boots unavailable)
Stlth    ++++++....             w - +6 amulet of reflection
HPRegen  0.15/turn              o - ring of protection from magic
MPRegen  0.12/turn              (no ring)

@: corroded, very quick
A: very small, unfitting armour, see invisible, herbivore, speed 3, slow
metabolism 2
a: Potion Petition, Call Merchant, Bribe Branch, Renounce Religion


You were on level 8 of the Dungeon.
You worshipped Gozag.
Gozag was aware of your devotion.
You were not hungry.

You visited 2 branches of the dungeon, and saw 9 of its levels.

You collected 810 gold pieces.
You spent 308 gold pieces at shops.
You paid 44 gold pieces to Gozag.

Inventory:

Hand Weapons
 b - a +0 blowgun
 m - a +2 dagger of venom
 u - a cursed -2 whip
 y - a +2 rapier of electrocution (weapon)
Missiles
 e - 38 poisoned needles
 f - 4 curare-tipped needles
Armour
 c - a +0 robe (worn)
 d - a +0 cloak (worn)
Jewellery
 o - a ring of protection from magic (left hand)
 w - a +6 amulet of reflection (around neck)
Wands
 t - a wand of digging (23)
 B - a wand of paralysis (13)
Scrolls
 a - a scroll of enchant armour {unknown}
 h - a scroll of blinking {unknown}
 i - 3 scrolls of teleportation
 j - 5 scrolls of magic mapping {unknown}
 k - 4 scrolls of identify
 n - 6 scrolls of remove curse {unknown}
 q - a scroll of amnesia {unknown}
 v - 2 scrolls of immolation {unknown}
 A - 3 scrolls of fear {unknown}
Potions
 l - 2 potions of curing
 p - 2 potions of haste
 r - 3 potions of magic {unknown}
 s - 2 potions of brilliance {unknown}
 x - a potion of agility {unknown}
 z - a potion of heal wounds
 D - a potion of might
 E - a potion of invisibility {unknown}
Books
 C - a book of Minor Magic

   Spells                             Type                      Level
   a - Magic Dart                     Conjuration                  1
   b - Blink                          Translocation                2
   c - Call Imp                       Summoning                    2
   d - Slow                           Hexes                        2
   e - Conjure Flame                  Conjuration/Fire             3
   f - Mephitic Cloud                 Conjuration/Poison/Air       3
Comestibles
 g - 10 rations


   Skills:
 + Level 3.8 Fighting
 + Level 8.2 Short Blades
 + Level 3.5 Throwing
 + Level 7.0 Dodging
 + Level 12.6 Stealth


You had 8 spell levels left.
You didn't know any spells.

Dungeon Overview and Level Annotations

Branches:
Dungeon (8/15)             Temple (1/1) D:4
   Lair: D:8-11

Altars:
Ashenzari
Cheibriados
Dithmenos
Elyvilon
Gozag
Nemelex Xobeh
Ru
Sif Muna
Vehumet
Wu Jian

Shops:
D:4 =   D:5 [[(

Annotations:
D:8 Psyche


Innate Abilities, Weirdness & Mutations

You are very small and have problems with some larger weapons.
You are too small for most types of armour.
You have supernaturally acute eyesight. (SInv)
You are a herbivore.
You cover ground extremely quickly.
You need consume almost no food.


Message History

The orc wizard is severely wounded.
The orc wizard is distracted by the nearby gold.
The orc wizard shouts!
You hit the orc wizard.
The orc wizard is no longer distracted by gold.
The orc wizard is almost dead.
You block the orc wizard's attack. The orc wizard hits you with a dagger.
Psyche the Insane Magess comes into view.
She is wielding a dagger of distortion.
You are too injured to fight recklessly!
You are too injured to fight recklessly!
The orc wizard casts a spell at you. The magic dart hits you!
* * * LOW HITPOINT WARNING * * *
The orc wizard gestures at you while chanting.
The puff of flame hits you!
* * * LOW HITPOINT WARNING * * *
The orc wizard gestures at you while chanting.
The puff of flame hits you!
You die...
Your body crumbles into a pile of gold.

##### #...#
####.#.###
#oo..#...#
#.#......#
#####o#......#
#...oo#....@.#######
$
#...Z.#............#
#.....#............#
#.....#............#
#.@...####.........#
#..........#
#.........#
#..........#
#.........#
#..........#
#.........#
#..........#
#..........


You could see 2 orc wizards.

Vanquished Creatures
  A hippogriff (D:7)
  Sigmund (D:5)
  Eustachio (D:5)
  A steam dragon (D:7)
  A phantom (D:4)
  7 ogres
  2 centaurs (D:5)
  3 bullfrogs
  3 crimson imps
  2 hounds (D:6)
  2 jellies
  A bullfrog skeleton (D:6)
  A centaur skeleton (D:4)
  4 orc priests
  5 orc wizards
  Jessica (D:3)
  4 worker ants
  A hound zombie (D:7)
  A worker ant zombie (D:5)
  A howler monkey skeleton (D:5)
  9 adders
  2 shadow imps
  An ooze (D:1)
  3 adder zombies
  2 adder skeletons (D:4)
  2 worms
  3 dart slugs
  4 leopard geckos
  18 orcs
  A ball python (D:2)
  5 giant cockroaches
  6 goblins
  11 hobgoblins
  3 jackals
  9 kobolds
  4 quokkas
  5 bats
  5 frilled lizards
  A leopard gecko skeleton (D:4)
  A quokka zombie (D:8)
  6 rats
144 creatures vanquished.

Notes
Turn   | Place    | Note
-------+----------+-------------------------------------------
     0 | D:1      | Manul the Spriggan Assassin began the quest for the Orb.
     0 | D:1      | Reached XP level 1. HP: 10/10 MP: 2/2
   126 | D:1      | Reached skill level 6 in Stealth
   429 | D:1      | Reached XP level 2. HP: 14/14 MP: 3/3
  1875 | D:2      | Reached XP level 3. HP: 15/18 MP: 4/4
  1899 | D:2      | Reached skill level 7 in Stealth
  2595 | D:2      | Reached XP level 4. HP: 9/23 MP: 5/5
  3632 | D:3      | Noticed Jessica
  3639 | D:3      | Killed Jessica
  4141 | D:4      | Noticed an ogre
  4141 | D:4      | Noticed an ogre
  4232 | D:4      | Found Exof Loo's Jewellery Shoppe.
  4240 | D:4      | Reached skill level 8 in Stealth
  4240 | D:4      | Reached XP level 5. HP: 25/26 MP: 6/6
  4244 | D:4      | Noticed a phantom
  4703 | D:4      | Killed an ogre
  5053 | D:5      | Entered Level 5 of the Dungeon
  5175 | D:5      | Found Qetack's Weapon Boutique.
  5175 | D:5      | Noticed Eustachio
  5175 | D:5      | Noticed a centaur
  5185 | D:5      | Killed a centaur
  5185 | D:5      | Reached skill level 9 in Stealth
  5185 | D:5      | Reached XP level 6. HP: 15/30 MP: 7/7
  5582 | D:4      | Found a staircase to the Ecumenical Temple.
  5592 | Temple   | Entered the Ecumenical Temple
  5624 | Temple   | Became a worshipper of Gozag Ym Sagoz the Greedy
  6071 | D:4      | Reached skill level 5 in Short Blades
  6071 | D:4      | Reached XP level 7. HP: 20/35 MP: 8/8
  6497 | D:5      | Reached skill level 10 in Stealth
  6645 | D:5      | Found Cerir's Antique Armour Boutique.
  6716 | D:5      | Bought a +2 rapier of electrocution for 308 gold pieces
  6792 | D:5      | Reached XP level 8. HP: 40/40 MP: 9/9
  7273 | D:5      | Killed Eustachio
  7297 | D:5      | Reached skill level 5 in Dodging
  7330 | D:5      | HP: 2/40 [orc wizard/magic dart (7)]
  7776 | D:5      | Found Xegorghi's Armour Shoppe.
  7829 | D:5      | Noticed Sigmund
  7840 | D:5      | Killed Sigmund
  7840 | D:5      | Reached skill level 11 in Stealth
  8542 | D:6      | Reached skill level 12 in Stealth
  8937 | D:7      | Noticed a hippogriff
  8963 | D:7      | Killed a hippogriff
  8963 | D:7      | Reached XP level 9. HP: 14/44 MP: 10/10
  9474 | D:7      | Found a shattered altar of Ashenzari.
  9709 | D:7      | Found a radiant altar of Vehumet.
  9782 | D:7      | Found a snail-covered altar of Cheibriados.
 10232 | D:8      | Noticed Psyche
 10237 | D:8      | Killed from afar by an orc wizard

Skill      XL: |  1  2  3  4  5  6  7  8  9 |
---------------+----------------------------+-----
Stealth        | 6 7 8 9 10 12 | 12.6
Short Blades   | 3 4 5 6 7 8 |  8.2
Dodging        | 2 3 4 6 7 |  7.0
Fighting       | 2 3 |  3.8
Throwing       | 3 |  3.5

Action                   |  1- 3 |  4- 6 |  7- 9 || total
-------------------------+-------+-------+-------++-------
Melee: Dagger            |    84 |   146 |    47 ||   277
       Rapier            |       |     9 |   143 ||   152
 Fire: Blowgun           |     3 |     8 |     4 ||    15
  Use: Scroll            |       |     2 |     3 ||     5
       Potion            |       |     2 |       ||     2
 Stab: Sleeping          |    16 |    11 |    23 ||    50
       Distracted        |       |       |     1 ||     1
  Eat: Ration            |       |     1 |     2 ||     3
Armor: Robe              |     8 |    11 |     7 ||    26
Dodge: Dodged            |    58 |   105 |   142 ||   305
Block: Other             |       |       |     5 ||     5
